Cogmind - Beta 15 @@@ ROGUE MODE // 2025.10.01 @ 19:11:03 Player: fantomas Result: Destroyed by Y-45 Defender with Beam Rifle Performance ------------- Evolutions (1) 500 Regions Visited (4) 800 Robots Destroyed (17) 85 Value Destroyed (384) 384 Prototype IDs (0) 0 Alien Tech Used (0) 0 Bonus (0) 0 TOTAL SCORE: 1769 Bonus ------- None Cogmind --------- Core Integrity 0/400 Matter 112/300 Energy 100/100 System Corruption 0% Temperature Cool (9) Movement Core (50) Location -9/Storage Parts ------- > --- POWER (2) -------- (None) > --- PROPULSION (2) --- (None) > --- UTILITY (3) ------ Targeting Computer Targeting Computer > --- WEAPON (2) ------- (None) > --- INVENTORY (5) ---- Terrain Scanner Peak State ------------ > --- POWER ------------ Light Ion Engine > --- PROPULSION ------- Wheel Wheel > --- UTILITY ---------- Heat Sink > --- WEAPON ----------- EM Pulse Gun Assault Rifle > --- INVENTORY -------- (None) [Rating: 6] Favorites ----------- Power Light Ion Engine Engine Light Ion Engine Propulsion Wheel Leg Aluminum Leg Wheel Wheel Flight Unit Flight Unit Utility Targeting Computer Device Heat Sink Processor Targeting Computer Weapon Light Assault Rifle Energy Gun Particle Gun Ballistic Gun Light Assault Rifle Ballistic Cannon Light Cannon Launcher Grenade Launcher Build | -11 -10 -10 -9 -9 ------- Run | Yrd Mat Min Mat Sto Slots Evolved 2 | . . . 2 . Power 1 | . . . 1 . Propulsion . | . . . . . Utility 1 | . . . 1 . Weapon . | . . . . . Parts Attached 23 | 6 6 5 4 2 Power 2 | 1 . 1 . . Engine 2 | 1 . 1 . . Core . | . . . . . Reactor . | . . . . . Propulsion 6 | 2 2 2 . . Treads . | . . . . . Leg 2 | . 2 . . . Wheel 2 | 2 . . . . Hover . | . . . . . Flight 2 | . . 2 . . Utility 6 | 1 . 1 4 . Device 2 | 1 . 1 . . Storage . | . . . . . Processor 4 | . . . 4 . Hackware . | . . . . . Protection . | . . . . . Artifact . | . . . . . Weapon 9 | 2 4 1 . 2 Energy Gun 3 | 1 2 . . . Energy Cannon . | . . . . . Ballistic Gun 3 | 1 . 1 . 1 Ballistic Cannon 1 | . 1 . . . Launcher 2 | . 1 . . 1 Special Weapon . | . . . . . Impact Weapon . | . . . . . Slashing Weapon . | . . . . . Piercing Weapon . | . . . . . Special Melee Weapon . | . . . . . Unidentified Prototypes . | . . . . . Parts Lost 14 | . 7 1 . 6 Power 2 | . 1 . . 1 Propulsion 3 | . 2 . . 1 Utility 1 | . . . . 1 Weapon 8 | . 4 1 . 3 Highest Loss Streak 6 | . 6 2 . 5 To Critical Strikes . | . . . . . Average Backups 1 | . 1 . 1 1 Power . | . . . . . Propulsion . | . . . . . Utility . | . . . 1 1 Weapon . | . 1 . . . Tool/Special . | . . . . . Unused Backups 1 | . . 1 . . Power . | . . . . . Propulsion . | . . . . . Utility . | . . . . . Weapon 1 | . . 1 . . Tool/Special . | . . . . . Average Slot Usage (%) 60 | . 68 47 60 56 Engine 8 | . 8 9 11 5 Leg 4 | . 6 7 . . Wheel 5 | . 13 . . . Flight 5 | . . 10 11 8 Device 6 | . 13 5 . . Processor 11 | . . . 27 31 Energy Gun 4 | . 7 5 . . Ballistic Gun 8 | . 6 9 11 11 Ballistic Cannon 2 | . 6 . . . Launcher 2 | . 4 . . . Peak Build Rating 6 | 6 6 5 6 6 Average Rating 4 | 3 5 3 5 5 On Entrance 4 | . 6 5 3 6 Naked Turns . | . . . . . Heaviest Build 9 | 8 9 4 4 4 Greatest Support 20 | 20 20 20 4 4 Greatest Overweight (x) 2 | . 2 . . . Average Overweight (x) . | . . . . . Largest Inventory Capacity 5 | 5 5 5 5 5 Average Capacity 5 | 5 5 5 5 5 Most Carried 5 | 1 3 5 1 1 Average Carried 1 | . 1 . 1 1 Final Capacity 5 | 5 5 5 5 5 Final Carried 1 | . 1 1 1 1 Class Distribution -------------------- 89% | Mutant 10% | Scavenger-Mutant Dominant Class ---------------- Mutant | -10/Materials Mutant | -10/Mines Mutant | -9/Materials Mutant | -9/Storage Resources | -11 -10 -10 -9 -9 ----------- Run | Yrd Mat Min Mat Sto Matter Collected 362 | 207 63 79 . 13 Remotely . | . . . . . Salvage Created 426 | 40 212 35 . 139 Parts 38 | 5 17 6 . 10 Haulers Intercepted . | . . . . . Recyclers Shooed . | . . . . . Parts Field Recycled . | . . . . . Retrieved Matter . | . . . . . Parts Self-Destructed . | . . . . . Prevented . | . . . . . Kills | -11 -10 -10 -9 -9 ------- Run | Yrd Mat Min Mat Sto Combat Hostiles Destroyed 13 | 1 6 3 . 3 Guns 9 | 1 2 3 . 3 AOE 4 | . 4 . . . Classes Destroyed 6 | 1 3 1 . 1 Builder 1 | . 1 . . . Recycler 1 | . . . . 1 Mechanic 1 | . 1 . . . Watcher 1 | . 1 . . . Swarmer 6 | . . 3 . 3 Grunt 7 | 1 6 . . . Best Kill Streak 7 | 1 7 3 . 3 Combat Bots Only 4 | 1 4 3 . 3 Max Kills in Single Turn 3 | 1 3 1 . 1 Gunslinging . | . . . . . Exploded 2 | . 2 . . . Melee . | . . . . . Uniques/NPCs Destroyed . | . . . . . Combat | -11 -10 -10 -9 -9 -------- Run | Yrd Mat Min Mat Sto Hostile Shots Fired 191 | 4 71 33 10 73 Missed 65 | . 21 9 7 28 Hits 126 | 4 50 24 3 45 Projectile 126 | 4 50 24 3 45 Critical Strikes 4 | . 2 . . 2 Damage Taken 1545 | 44 666 181 41 613 Core 615 | 11 177 25 . 402 Absorbed by Shields . | . . . . . Core Remaining (%) 54 | 95 . 14 . . Volleys Fired 74 | 3 37 9 3 22 Largest 2 | 2 2 1 1 1 Hottest 70 | 60 70 65 20 33 Shots Fired 78 | 6 38 9 3 22 Gun 69 | 6 30 9 3 21 Cannon 3 | . 3 . . . Launcher 6 | . 5 . . 1 Special . | . . . . . Kinetic 53 | 3 26 . 3 21 Thermal 15 | . 7 8 . . Explosive 6 | . 5 . . 1 Electromagnetic 4 | 3 . 1 . . Robot Hit Streak 8 | 3 8 2 1 8 Robot Miss Streak 3 | 1 2 3 2 2 Penetration Max . | . . . . . Secondary Targets . | . . . . . Shots Hit Robots 46 | 4 22 4 1 15 Core Hits 30 | 2 16 3 1 8 Critical Kills . | . . . . . Critical Parts Destroyed . | . . . . . Critical Strikes . | . . . . . Melee Attacks . | . . . . . Impact . | . . . . . Slashing . | . . . . . Piercing . | . . . . . Sneak Attacks . | . . . . . Combat Hostiles . | . . . . . Follow-up Attacks . | . . . . . Damage Inflicted 1002 | 54 665 76 6 201 Guns 479 | 54 234 76 6 109 Cannons 31 | . 31 . . . Explosions 478 | . 386 . . 92 Melee . | . . . . . Ramming 14 | . 14 . . . Kinetic 365 | 39 211 . 6 109 Thermal 306 | . 241 65 . . Explosive 291 | . 199 . . 92 Electromagnetic 26 | 15 . 11 . . Impact . | . . . . . Slashing . | . . . . . Piercing . | . . . . . Highest Corruption . | . . . . . Average Corruption . | . . . . . Corruption Purged . | . . . . . Corruption Blocked . | . . . . . Overload Shots . | . . . . . Overflow Damage 11 | . . . . 11 Projectiles . | . . . . . Explosions 11 | . . . . 11 Melee . | . . . . . Knockbacks . | . . . . . Impact . | . . . . . Kinetic . | . . . . . Secondary . | . . . . . Self-Inflicted Damage 52 | . 9 . . 43 Shots 2 | . 1 . . 1 Rammed 1 | . 1 . . . Targets Rammed 1 | . 1 . . . Kicked . | . . . . . Crushed . | . . . . . Highest Temperature 75 | 18 43 75 . 28 Average Temperature 22 | 13 17 35 . 14 Received Heat Transfer 594 | 24 387 . 24 159 Siege Activations . | . . . . . Martial Activations . | . . . . . Shielding Activations . | . . . . . Robots Disrupted . | . . . . . Combat Hostiles . | . . . . . Robots Corrupted . | . . . . . Combat Hostiles . | . . . . . Parts Fried . | . . . . . Impact Corruptions . | . . . . . Robots Melted . | . . . . . Combat Hostiles . | . . . . . Parts Melted . | . . . . . Heat Transferred 423 | . 275 148 . . Parts Sabotaged . | . . . . . Parts Stolen . | . . . . . Parts Stripped . | . . . . . Power Chain Reactions . | . . . . . Alert | -11 -10 -10 -9 -9 ------- Run | Yrd Mat Min Mat Sto Maximum Alert Level . | . . . . . Low Security (%) 100 | 100 100 100 100 100 Level 1 . | . . . . . Level 2 . | . . . . . Level 3 . | . . . . . Level 4 . | . . . . . Level 5 . | . . . . . High Security . | . . . . . Max Security . | . . . . . Peak Influence 177 | 10 154 50 5 177 Initial 6 | . 6 . 5 . Average 38 | 1 43 25 . 75 Influence Increases 596 | 20 214 85 . 277 Destroy 0b10 Robot/C 260 | 20 120 60 . 60 Destroy 0b10 Robot/NC 25 | . 15 . . 10 Destroy Leader 52 | . 32 10 . 10 Successful Hack 7 | . . . . 7 Disable Machine 30 | . 30 . . . Destroy Structure 27 | . 17 . . 10 Partial Spotted 30 | . . 15 . 15 Lose Combat Pursuer 165 | . . . . 165 Influence Decreases 449 | 10 224 70 15 130 Entered New Map 14 | . 4 . 10 . Time Decay 221 | 10 76 60 5 70 Lost Part 110 | . 40 10 . 60 Purge Threat 104 | . 104 . . . Squads Dispatched 5 | . 2 . 1 2 Investigation . | . . . . . Extermination . | . . . . . Reinforcement 5 | . 2 . 1 2 Assault . | . . . . . Garrison . | . . . . . Intercept . | . . . . . Searches Triggered . | . . . . . Construction Impeded . | . . . . . Haulers Reinforced . | . . . . . Active Scanning Responses . | . . . . . Cargo Convoy Interrupts . | . . . . . Stealth | -11 -10 -10 -9 -9 --------- Run | Yrd Mat Min Mat Sto Distress Signals 3 | . 1 . 1 1 Communications Jammed . | . . . . . Distress Signals . | . . . . . Times Spotted 38 | 1 11 5 4 17 Peak Tracking Total 7 | 1 5 3 5 7 Tactical Retreats 4 | . . . . 4 Traps | -11 -10 -10 -9 -9 ------- Run | Yrd Mat Min Mat Sto Traps Triggered . | . . . . . Indirectly . | . . . . . Trap Hack Attempts . | . . . . . Triggered . | . . . . . Disarmed . | . . . . . Reprogrammed . | . . . . . Reused . | . . . . . Traps Extracted . | . . . . . Installed . | . . . . . Triggered . | . . . . . Machines | -11 -10 -10 -9 -9 ---------- Run | Yrd Mat Min Mat Sto Machines Disabled 2 | . 2 . . . Max in Single Turn 2 | . 2 . . . Machines Repaired . | . . . . . Machines Dismantled . | . . . . . Machines Sabotaged . | . . . . . Overloaded Fab Kills . | . . . . . Hacking | -11 -10 -10 -9 -9 --------- Run | Yrd Mat Min Mat Sto Machines Accessed 3 | . 1 . 1 1 Terminals 3 | . 1 . 1 1 Fabricators . | . . . . . Repair Stations . | . . . . . Recycling Units . | . . . . . Scanalyzers . | . . . . . Garrison Access . | . . . . . Total Hacks 7 | . 3 . 1 3 Successful 3 | . 1 . . 2 Failed 4 | . 2 . 1 1 Catastrophic 2 | . 1 . . 1 Database Lockouts . | . . . . . Manual 5 | . 3 . 1 1 Terminals 7 | . 3 . 1 3 Fabricators . | . . . . . Repair Stations . | . . . . . Recycling Units . | . . . . . Scanalyzers . | . . . . . Garrison Access . | . . . . . Terminal Hacks 3 | . 1 . . 2 Unreport Threat 1 | . 1 . . . Investigation Status 1 | . . . . 1 Recall Investigation 1 | . . . . 1 Fabricator Hacks . | . . . . . Repair Station Hacks . | . . . . . Recycling Unit Hacks . | . . . . . Scanalyzer . | . . . . . Garrison Access Hacks . | . . . . . Unauthorized Hacks . | . . . . . Terminals . | . . . . . Fabricators . | . . . . . Repair Stations . | . . . . . Recycling Units . | . . . . . Scanalyzers . | . . . . . Garrison Access . | . . . . . Data Cores Recovered . | . . . . . Used . | . . . . . Hacking Detections 2 | . 1 . . 1 Full Trace Events 1 | . 1 . . . Feedback Events . | . . . . . Feedback Blocked . | . . . . . Robot Schematics Acquired . | . . . . . Robots Built . | . . . . . Authchips . | . . . . . Time . | . . . . . Total Robot Build Rating . | . . . . . Part Schematics Acquired . | . . . . . Parts Built . | . . . . . Authchips . | . . . . . Time . | . . . . . Total Part Build Rating . | . . . . . Parts Repaired . | . . . . . Time . | . . . . . Parts Recycled . | . . . . . Recycled Matter . | . . . . . Retrieved Matter . | . . . . . Retrieved Components . | . . . . . Parts Scanalyzed . | . . . . . Part Schematics Acquired . | . . . . . Parts Damaged . | . . . . . Bothacking | -11 -10 -10 -9 -9 ------------ Run | Yrd Mat Min Mat Sto Used RIF Installer . | . . . . . Robots Hacked . | . . . . . Non-combat . | . . . . . Combat . | . . . . . Robot Hacks Applied . | . . . . . Relay Couplers Released . | . . . . . Fabnet Peak Effective % . | . . . . . Robots Rewired . | . . . . . Allies Hacked . | . . . . . Hacks Repelled . | . . . . . Allies | -11 -10 -10 -9 -9 -------- Run | Yrd Mat Min Mat Sto Total Allies . | . . . . . Largest Group . | . . . . . Highest-Rated Group . | . . . . . Highest-Rated Ally . | . . . . . Total Orders . | . . . . . Ally Attacks . | . . . . . Total Damage . | . . . . . Kills . | . . . . . Allies Corrupted . | . . . . . Allies Melted . | . . . . . Intel | -11 -10 -10 -9 -9 ------- Run | Yrd Mat Min Mat Sto Active Infowar (turns) 1 | . . 1 . . Terrain 1 | . . 1 . . Robot Analysis Total . | . . . . . Derelict Logs Recovered . | . . . . . Drone Launches . | . . . . . Drone Recoveries . | . . . . . Exploration | -11 -10 -10 -9 -9 ------------- Run | Yrd Mat Min Mat Sto Turns Passed 798 | 71 314 136 99 178 Spaces Moved 1093 | 74 231 240 218 330 Core 72 | 22 34 . . 16 Treads . | . . . . . Legs 78 | . 71 7 . . Wheels 178 | 52 126 . . . Hover . | . . . . . Flight 765 | . . 233 218 314 Fastest Speed 40 | 50 50 40 40 40 Average Speed 55 | 71 98 42 40 40 Slowest Speed 150 | 80 150 120 40 50 Overloaded Moves . | . . . . . Propulsion Burnouts . | . . . . . Robots Hopped 7 | . . 1 1 5 Potential Cave-ins . | . . . . . Cave-ins Triggered . | . . . . . Exploration Rate (%) 27 | 5 33 29 18 51 Regions Visited 4 Branch Regions 2 Pre-discovered Areas . | . . . . . Known Exits Taken . | . . . . . Unknown Exits Taken 4 | 1 1 1 1 . Scrap Searched 1 | . . 1 . . Spaces Dug . | . . . . . Terrain Destroyed 25 | . 17 . . 8 Melee . | . . . . . Projectile . | . . . . . AOE 25 | . 17 . . 8 Terrain Rammed . | . . . . . Walls Destroyed . | . . . . . Machines Disabled . | . . . . . Actions | -11 -10 -10 -9 -9 --------- Run | Yrd Mat Min Mat Sto Total 1201 | 83 278 266 224 350 Wait . | . . . . . Move 1075 | 73 230 237 215 320 Hop 7 | . . 1 1 5 Pick Up 7 | 1 2 4 . . Fast Attach 15 | 5 4 . 4 2 Attach 7 | 1 2 4 . . Detach 6 | . 1 4 1 . Swap 3 | . 1 2 . . Drop 5 | . . 5 . . Fire 74 | 3 37 9 3 22 Melee . | . . . . . Ram 1 | . 1 . . . Kick . | . . . . . Crush . | . . . . . Escape Stasis . | . . . . . Rewire 1 | . . . . 1 Trap . | . . . . . Miscellaneous . | . . . . . Route ------- -11/Scrapyard -10/Materials (discovered 2 exits: *Mat / [*Min]) -10/Mines -9/Materials -9/Storage History --------- Turn | Location | Event 2 | -11/Scrapyard | Met Revision 17 50 | -11/Scrapyard | Discovered new exit (range 8) 72 | -11/Scrapyard | Entered Materials 259 | -10/Materials | Core integrity fell below 50% 296 | -10/Materials | Lost 6 parts (1p2n3w) 311 | -10/Materials | Discovered new exit (range 7) 320 | -10/Materials | Build established: Mutant 346 | -10/Materials | Discovered new exit (range 12) 386 | -10/Materials | Entered Mines 396 | -10/Mines | Core integrity fell below 20% 400 | -10/Mines | Met a Derelict bent on vengeance 517 | -10/Mines | Discovered new exit (range 11) 522 | -10/Mines | Entered Materials 522 | -9/Materials | Evolved 2 slots: Power x1, Utility x1 579 | -9/Materials | Discovered new exit (range 11) 621 | -9/Materials | Entered Storage 782 | -9/Storage | Core integrity fell below 50% 793 | -9/Storage | Core integrity fell below 20% 799 | -9/Storage | Destroyed by Y-45 Defender with Beam Rifle Last Messages --------------- Critical hit (Burn: +37). S-10 Pest destroyed. Lgt. Assault Rifle destroyed. Acquired Lgt. Assault Rifle. Targeting Computer destroyed. R-06 Scavenger collects Flight Unit. Attempting to rewire T-07 Excavator. T-07 Excavator is broken beyond repair. Critical hit (Burn: +37). R-06 Scavenger collects Lgt. Ion Engine. Lgt. Assault Rifle destroyed. Acquired 13 matter. Acquired Rocket Launcher. [Achievement: Let's See Who's Tougher] Destroyed Heat Sink. R-06 Scavenger destroyed. Rocket Launcher destroyed. Destroyed Rocket Launcher. T-07 Excavator destroyed. [Achievement: First Step to Greatness] Map ----- +----------------------------------------------------+ | ?????????#######??????????????? | | ?????????# #####??????????? | | #????????# ???????????? | | ?????????+ T ????????????? | | ?????????# ?????????????? | | ?????????? #??????????????? | | ??????????# #??????###??????? | | ??????????# #???? #??????? | | ########### #?? #??????? | | # !] #??????? | | + !] #??????? | | # #??????? | | ############# #?? #??????? | | ????????????# #???? #??????? | | ????????????# #?????? #?????? | | ????????????# #????????##?????? | | ????????##### #############???? | | ????????+ #???? | | ????????#####+#### #???? | | ??????????# # #???? | | ??????????# """ / #???? | | ??????????# """ ##### #???? | | ??????????# """ #???# ^ ^#???? | | ??????????# #???# #???? | | ??????????# #???# #???? | | ??????????##### ##??## Y @#???? | | ??????????????###???# #???? | | ???????????????????## ##??? | | ???????????????????# *=Y= #??? | | ??????????????????# ! %*%= #??? | | ??????????????????## * ! ##??? | | ???????????????????# *! ???? | | ???????????????????# % ##??? | | ???????????????????# ] #???? | | ???????????????????########???? | | ??????????????????????????????? | | ??????????????????????????????? | | ??????????????????????????????? | | ??????????????????????????????? | | ??????????????????????????????? | | ??????????????????????????????? | | ??????????????????????????????? | | ??????????????????????????????? | | ??????????????????????????????? | | ??????????????????????????????? | | ??????????????????????????????? | | ??????????????????????????????? | | ??????????????????????????????? | | ??????????????????????????????? | | ??????????????????????????????? | +----------------------------------------------------+ Best States ------------- Heat Dissipation 35 Energy Generation 10 Energy Capacity 125 Matter Stores 248 Matter Capacity 300 Sight Range 16 Terrain Scan Density 10 Evasion (%) 62 Targeting Accuracy 15 Item Schematics ----------------- None Robot Schematics ------------------ None Fabricated ------------ Nothing Repaired ---------- Nothing Alien Tech Used ----------------- None Achievements -------------- First Step to Greatness Let's See Who's Tougher Challenges ------------ None Game ------ Seed ThermoelectricWaveDerivative Manual? 0 Play Time 00:26:08 Cumulative 0.4 hours Start 2025.10.01 @ 18:44:02 End 2025.10.01 @ 19:11:03 Sessions 1 Manual Loads 0 Difficulty Rogue Special Mode None Game No. 1 Rogue 1 Adventurer 0 Explorer 0 Win Type - Total 0 Types 0/0/0/0/0/0/0/0/0/0 Lore% 0 Gallery% 1 Achievement% 2 Wizard Run 0 Options --------- Layout 1 ASCII 0 Keyboard 1 Movement Arrows Keybinds 0 Fullscreen 1 Font 24/Smallcaps Map View 50x35 Zoom Use 0% Tactical HUD 0 Map Filters NONE Filters NONE Steam 1 RUN: 1a722585-8b48-475f-b68f-b62cef1e286c